 Dungeon Crawl Stone Soup version 0.31-a0-325-g067879e3d3 (webtiles) character file.

Game seed: 11117219121747032256

970 Dittersdorf the Shield-Bearer (level 8, 0/51 HPs)
             Began as a Gargoyle Fighter on July 18, 2023.
             Slain by an orc warrior
             ... wielding a +4 battleaxe
              (19 damage)
             ... on level 6 of the Dungeon.
             The game lasted 00:07:13 (4828 turns).

Dittersdorf the Shield-Bearer (Gargoyle Fighter)    Turns: 4828, Time: 00:07:14

Health: 0/51       AC: 17    Str: 21    XL:     8   Next: 16%
Magic:  8/8        EV:  8    Int: 10    God:
Gold:   222        SH:  5    Dex:  9    Spells: 7/7 levels left

rFire   . . .        a - +1 flail
rCold   . . .        c - +0 buckler
rNeg    + . .        m - +0 chain mail
rPois   ∞            h - +0 helmet
rElec   +            (no cloak)
rCorr   .            (no gloves)
SInv    .            (no boots)
Will    .....        (no amulet) Stlth
                     (no ring)
HPRegen 0.28/turn    (no ring)
MPRegen 0.11/turn

%: no passive effects
@: no status effects
A: sickness immunity, AC +5, negative energy resistance 1, electricity
resistance, torment resistance 1, petrification resistance
a: no special abilities


You were on level 6 of the Dungeon.
You visited 1 branch of the dungeon, and saw 6 of its levels.

You collected 222 gold pieces.

Inventory:

Hand Weapons
 a - a +1 flail (weapon)
Missiles
 i - 7 poisoned darts (quivered)
 k - a throwing net
Armour
 c - a +0 buckler (worn)
 h - a +0 helmet (worn)
 m - a +0 chain mail (worn)
Wands
 o - a wand of digging (7)
Scrolls
 b - 3 scrolls of enchant weapon
 e - 3 scrolls of teleportation
Potions
 d - a potion of resistance {unknown}
 f - a potion of degeneration {unknown}
 g - a potion of curing {unknown}
 j - 2 potions of brilliance {unknown}
 n - a potion of cancellation


   Skills:
 + Level 5.9 Fighting
 + Level 4.9 Maces & Flails
 + Level 5.9 Armour
 + Level 6.0 Shields


You had 7 spell levels left.
You didn't know any spells.
Your spell library contained the following spells:

 Spells                   Type           Power      Damage    Failure   Level
 Sting                    Tmut/Pois      0%         1d3       96%         1
 Poisonous Vapours        Pois/Air       0%         N/A       99%         2
 Olgreb's Toxic Radiance  Pois           0%         N/A       100%        4
 Summon Ice Beast         Ice/Summ       0%         N/A       100%        4
 Summon Mana Viper        Hex/Summ       0%         N/A       100%        5
 Conjure Ball Lightning   Conj/Air       0%         3x3d6     100%        6
 Monstrous Menagerie      Summ           0%         N/A       100%        7
 Discord                  Hex            0%         N/A       100%        8
 Disjunction              Tloc           0%         N/A       100%        8


Dungeon Overview and Level Annotations

Branches:
Dungeon (6/15)
 Temple: D:4-7

Altars:
Dithmenos
Elyvilon
Makhleb

Shops:
D:4 *

Annotations:
D:1 1 transporter


Innate Abilities, Weirdness & Mutations

You are immune to sickness and miasma.
Your stone body is resilient. (AC +5)
You are immune to poison.
You resist negative energy. (rN+)
You are resistant to electric shocks. (rElec)
You are resistant to unholy torment.
You are immune to petrification.


Message History

You thump the scorpion!
You kill the scorpion!
Your Shields skill increases to level 6!
You closely miss the orc warrior. You block the orc warrior's attack.
You closely miss the orc warrior.
The orc warrior hits you but does no damage.
The orc warrior hits you with a +4 battleaxe!
You sock the orc warrior!
The orc warrior is heavily wounded.
You block the orc warrior's attack.
You closely miss the orc warrior.
The orc warrior is heavily wounded.
The orc warrior hits you with a +4 battleaxe!
You are too injured to fight recklessly!
You are too injured to fight recklessly!
You are too injured to fight recklessly!
You are too injured to fight recklessly!
You are too injured to fight recklessly!
You are too injured to fight recklessly!
You are too injured to fight recklessly!
You are too injured to fight recklessly!
You are too injured to fight recklessly!
You are too injured to fight recklessly!
You are too injured to fight recklessly!
You are too injured to fight recklessly!
You are too injured to fight recklessly!
You are too injured to fight recklessly!
You are too injured to fight recklessly!
You are too injured to fight recklessly!
You are too injured to fight recklessly!
You are too injured to fight recklessly!
You are too injured to fight recklessly!
You are too injured to fight recklessly!
Throw: 8 darts (poison)
Press: ? - help, Q - select action, (/) - cycle Shift-Dir - straight line, f - orc warrior
Aim: an orc warrior, wielding a +4 battleaxe and wearing a +0 chain mail (heavily wounded, 47% to hit)
You throw a poisoned dart. The poisoned dart hits the orc warrior.
The orc warrior is heavily wounded.
The orc warrior hits you with a +4 battleaxe!!
You die...

#.# ##.## ....#
).. 5o. #o# #o#
#########@#
##...#...#.# ##.
##..........##...
#...........#..#
#.............###
#...............#
##...)............
##...#...####.#..
#######.# ....


You could see an orc warrior, 2 orcs and an ufetubus.

Vanquished Creatures
  Sigmund (D:4)
  A black bear (D:4)
  A centaur (D:6)
  2 scorpions
  A crimson imp (D:5)
  2 hounds (D:4)
  An orc priest (D:5)
  A jelly (D:5)
  3 sleepcaps
  An iguana (D:4)
  Robin (D:2)
  3 gnolls (D:5)
  11 adders
  A white imp (D:5)
  4 worms
  2 dart slugs
  12 orcs
  5 bats
  8 endoplasms
  2 giant cockroaches
  6 hobgoblins
  3 jackals (D:3)
  11 ball pythons
  A frilled lizard (D:2)
  10 goblins
  9 kobolds
  2 rats (D:2)
105 creatures vanquished.

Notes
Turn   | Place    | Note
-------+----------+-------------------------------------------
     0 | D:1      | Dittersdorf the Gargoyle Fighter began the quest for the
                  | Orb.
     0 | D:1      | Reached XP level 1. HP: 14/14 MP: 1/1
   143 | D:1      | Reached XP level 2. HP: 14/19 MP: 2/2
   730 | D:2      | Noticed Robin
   733 | D:2      | Reached XP level 3. HP: 20/23 MP: 3/3
   754 | D:2      | Killed Robin
   874 | D:2      | Found a faded altar of an unknown god.
  1111 | D:2      | Reached XP level 4. HP: 29/29 MP: 4/4
  1670 | D:3      | Reached skill level 4 in Shields
  1754 | D:3      | Found a shadowy altar of Dithmenos.
  1817 | D:3      | Reached XP level 5. HP: 33/33 MP: 5/5
  2546 | D:4      | Noticed a black bear
  2559 | D:4      | Killed a black bear
  2560 | D:4      | Reached XP level 6. HP: 39/39 MP: 6/6
  2686 | D:4      | Noticed Sigmund
  2702 | D:4      | Killed Sigmund
  2703 | D:4      | Reached skill level 5 in Fighting
  2703 | D:4      | Reached skill level 5 in Armour
  2703 | D:4      | Reached skill level 5 in Shields
  2703 | D:4      | Reached XP level 7. HP: 12/44 MP: 7/7
  2827 | D:4      | Found Poreanuwn's General Store.
  3204 | D:5      | Entered Level 5 of the Dungeon
  3867 | D:5      | Found a white marble altar of Elyvilon.
  4295 | D:5      | Identified the +1 robe of Shielding {Int+3}
  4478 | D:5      | Found a burning altar of Makhleb.
  4722 | D:6      | Reached XP level 8. HP: 38/51 MP: 8/8
  4824 | D:6      | Reached skill level 6 in Shields
  4828 | D:6      | Slain by an orc warrior

Illustrated notes

Levels and vault maps discovered:
D:1:      spicycebolla_arrival_risky_transporter, layout_loops_ring,
          hangedman_decor_growths
D:2:      layout_loops_ring, hellmonk_ecumenical_altar_lost_god, uniq_robin
D:3:      layout_loops_cross, mainiacjoe_overflow_alcove_2,
          minmay_misc_feat_ornament, serial_bayou_pond_b, nicolae_half_adder
D:4:      layout_cave_pools, serial_shops, shop, minmay_misc_feat_four_crosses,
          uniq_sigmund
D:5:      layout_cave_pools, nicolae_elyvilon_temple_path, makhleb_grotto_becter
D:6:      layout_rooms, mainiacjoe_overflow_cross_hatched,
          chequers_temple_overflow_statue_of_worship, amcnicky_altar_gilded,
          minmay_temple_entry_purple_smoke

Skill      XL: |  1  2  3  4  5  6  7  8 |
---------------+-------------------------+-----
Armour         | 4 5 |  5.9
Shields        | 4 5 6 |  6.0
Fighting       | 4 5 |  5.9
Maces & Flails | 3 4 |  4.9

Action                     |  1- 3 |  4- 6 |  7- 9 || total
---------------------------+-------+-------+-------++-------
  Melee: Flail             |   109 |   196 |   169 ||   474
  Throw: Dart              |       |     5 |     1 ||     6
    Use: Scroll            |       |     1 |     7 ||     8
         Potion            |       |     1 |       ||     1
 Armour: Scale mail        |    75 |    88 |       ||   163
         Chain mail        |       |    76 |    98 ||   174
  Dodge: Dodged            |    66 |   108 |    85 ||   259
  Block: Buckler           |    30 |    52 |    41 ||   123

Table legend: (Time is in decaauts)
 A = Elapsed time spent in this place.
 B = Non-inter-level travel time spent in this place.
 C = Inter-level travel time spent in this place.
 D = Time resting spent in this place.
 E = Time spent auto-exploring this place.
 F = Levels seen in this place.
 G = Mean time per level.
                   A        B        C        D        E       F      G
               +--------+--------+--------+--------+--------+-----+--------+
         Total |   4958 |   4630 |    328 |    866 |   2695 |   6 |  826.3 |
       Dungeon |   4958 |   4630 |    328 |    866 |   2695 |   6 |  826.3 |
               +--------+--------+--------+--------+--------+-----+--------+

Top non-repeatable levels by time:
     D:5: 1304 daAuts
     D:3: 968 daAuts
     D:2: 953 daAuts
     D:4: 895 daAuts
     D:1: 691 daAuts
     D:6: 145 daAuts
